 Dungeon Crawl Stone Soup version 0.27-a0-1202-ge72e49191c (webtiles) character file.

Game seed: 16058257597294843913

13080 deadmanwalking the Slicer (level 12, -16/88 HPs)
             Began as a Kobold Enchanter on June 2, 2021.
             Was an Elder of Vehumet.
             Demolished by a polar bear (24 damage)
             ... on level 1 of the Lair of Beasts on June 3, 2021.
             The game lasted 01:34:24 (19057 turns).

deadmanwalking the Slicer (Kobold Enchanter)       Turns: 19057, Time: 01:34:25

Health: -16/88     AC: 13    Str: 10    XL:     12   Next: 28%
Magic:  8/23       EV: 16    Int: 26    God:    Vehumet [****..]
Gold:   454        SH:  6    Dex: 16    Spells: 5/26 levels left

rFire    + + .     SeeInvis .   a - +1 dagger (pain)
rCold    + . .     Faith    .   q - +0 buckler
rNeg     + + .     Spirit   .   n - +2 robe {Will+}
rPois    .         Reflect  .   (no helmet)
rElec    +         Harm     .   N - +4 cloak of Beauty {rF++ rN++ Dex+2}
rCorr    .         Rampage  .   y - +1 pair of gloves
Will     +....                  K - +1 pair of boots "Raowiqe" {Int+7 Dex-5}
Stlth    ..........             z - amulet of magic regeneration
HPRegen  0.24/turn              L - ring of the Harvest {rElec rC+ Str+5 Int-2 Dex+3}
MPRegen  0.43/turn              k - ring of wizardry

@: berserking, very quick
A: small, no large weapons, nightstalker 3
a: Renounce Religion


You were on level 1 of the Lair of Beasts.
You worshipped Vehumet.
Vehumet was greatly pleased with you.
You visited 3 branches of the dungeon, and saw 11 of its levels.
You also visited: Sewer and Ossuary.

You collected 653 gold pieces.
You spent 199 gold pieces at shops.

Inventory:

Hand Weapons
 a - a +1 dagger of pain (weapon)
 w - the +7 Singing Sword {vorpal, sonic wave}
   (You took it off a centaur on level 8 of the Dungeon)

   It inflicts extra damage upon your enemies.
 x - a +1 dagger
Missiles
 c - 20 bolts
 e - 122 arrows
 g - 271 stones
 i - 25 sling bullets
 r - a curare-tipped dart
 s - 4 throwing nets
 u - 40 poisoned darts
Armour
 b - the +3 leather armour of Death Resistance {rN++}
   (You found it on level 7 of the Dungeon)

   It greatly protects you from negative energy.
 n - a +2 robe of willpower (worn)
 o - a +1 robe of fire resistance
 q - a +0 buckler (worn)
 y - a +1 pair of gloves (worn)
 K - the +1 pair of boots "Raowiqe" (worn) {Int+7 Dex-5}
   (You bought it in a shop on level 1 of the Dungeon)

   It affects your intelligence (+7).
   It affects your dexterity (-5).
 N - the +4 cloak of Beauty (worn) {rF++ rN++ Dex+2}
   (You found it on level 1 of the Lair of Beasts)

   It affects your dexterity (+2).
   It greatly protects you from fire.
   It greatly protects you from negative energy.
Jewellery
 j - a +6 ring of strength
 k - a ring of wizardry (right hand)
 z - an amulet of magic regeneration (around neck)
 A - a ring of magical power
 L - the ring of the Harvest (left hand) {rElec rC+ Str+5 Int-2 Dex+3}
   (You found it on level 1 of the Lair of Beasts)

   [ring of protection from cold]

   It affects your strength (+5).
   It affects your intelligence (-2).
   It affects your dexterity (+3).
   It protects you from cold.
   It insulates you from electricity.
Wands
 h - a wand of mindburst (2)
 l - a wand of charming (5)
 m - a wand of polymorph (12)
 M - a wand of digging (5)
Scrolls
 f - a scroll of blinking
 t - 2 scrolls of teleportation
 C - 2 scrolls of fear
 D - a scroll of fog
Potions
 d - a potion of resistance
 p - 3 potions of haste
 v - a potion of heal wounds
 E - a potion of brilliance
 F - a potion of ambrosia
 H - 2 potions of curing
 I - a potion of flight
 J - 3 potions of attraction {unknown}
Miscellaneous
 B - a piece from Xom's chessboard (15/15)


   Skills:
 + Level 9.7 Short Blades
 - Level 5.0 Dodging
 - Level 8.0 Stealth
 + Level 5.5 Shields
 + Level 7.7 Spellcasting
 + Level 6.2 Conjurations
 - Level 5.0 Hexes
 - Level 2.0 Necromancy
 + Level 6.8 Transmutations
 + Level 5.6 Fire Magic
 - Level 5.0 Ice Magic


You had 5 spell levels left.
You knew the following spells:

 Your Spells              Type           Power      Damage    Failure   Level
a - Corona                Hex            40%        N/A       1%          1
b - Ensorcelled Hibernat  Hex/Ice        72%        N/A       1%          2
c - Tukima's Dance        Hex            36%        N/A       1%          3
d - Hydra Form            Tmut           22%        N/A       4%          5
e - Magic Dart            Conj           100%       1d8       1%          1
f - Freeze                Ice            100%       1d11      1%          1
g - Conjure Flame         Conj/Fire      41%        6-21      1%          3
h - Fireball              Conj/Fire      20%        3d10      1%          5

Your spell library contained the following spells:

 Spells                   Type           Power      Damage    Failure   Level
 Sticky Flame             Conj/Fire      41%        2d6       1%          4
 Animate Skeleton         Necr           40%        N/A       1%          1
 Beastly Appendage        Tmut           90%        N/A       1%          1
 Pain                     Necr           80%        1d8       1%          1
 Wereblood                Tmut           45%        N/A       1%          2
 Confusing Touch          Hex            36%        N/A       1%          3
 Dazzling Flash           Conj/Hex       78%        N/A       1%          3
 Frozen Ramparts          Ice            72%        1d9       1%          3
 Ozocubu's Armour         Ice            36%        N/A       1%          3
 Spider Form              Tmut/Pois      13%        N/A       1%          3
 Hailstorm                Conj/Ice       39%        3d9       1%          4
 Ice Form                 Ice/Tmut       40%        N/A       1%          4
 Summon Small Mammal      Summ           40%        N/A       2%          1
 Vampiric Draining        Necr           10%        2d7       3%          3
 Metabolic Englaciation   Hex/Ice        18%        N/A       9%          5
 Animate Dead             Necr           10%        N/A       11%         4
 Animate Armour           Summ/Erth      20%        N/A       22%         4
 Silence                  Hex/Air        11%        N/A       22%         5
 Agony                    Necr           20%        N/A       26%         5
 Borgnjor's Vile Clutch   Necr/Erth      7%         N/A       38%         5
 Shadow Creatures         Summ           N/A        N/A       96%         6


Dungeon Overview and Level Annotations

Branches:
Dungeon (9/15)             Temple (1/1) D:7            Lair (1/6) D:9
  Sewer (visited)         Ossuary (visited)
    Orc: D:9-12

Altars:
Ashenzari
Cheibriados
Dithmenos
Elyvilon
Fedhas
Gozag
Hepliaklqana
Kikubaaqudgha
Makhleb
Nemelex Xobeh
Okawaru
Ru
Sif Muna
Trog
Uskayaw
Vehumet
Wu Jian
Xom
Yredelemnul
Zin
The Shining One

Shops:
D:1 [

Annotations:
Lair:1 exclusion: oklob plant


Innate Abilities, Weirdness & Mutations

You are small and have problems with some larger weapons.
You are completely attuned to the shadows.


Message History

Press: ? - help, Shift-Dir - straight line, f/p - polar bear
Aim: a polar bear (lightly wounded)
The fireball explodes!
The fireball engulfs the polar bear!
The polar bear is heavily wounded.
Casting: Fireball (dangerous; 1% risk of failure)
Confirm with . or Enter, or press ? or * to list all spells.
Aiming: Fireball (dangerous; 1% risk of failure)
Press: ? - help, Shift-Dir - straight line, f/p - polar bear
Aim: a polar bear (heavily wounded)
The fireball explodes!
The fireball engulfs the polar bear!
The polar bear is severely wounded.
You hear an angry hiss.
The polar bear goes berserk!
Casting: Fireball (dangerous; 1% risk of failure)
Confirm with . or Enter, or press ? or * to list all spells.
Aiming: Fireball (dangerous; 1% risk of failure)
Press: ? - help, Shift-Dir - straight line, f/p - polar bear
Aim: a polar bear (severely wounded, berserk)
The fireball explodes!
The fireball engulfs the polar bear!
The polar bear is almost dead.
The polar bear rages.
The polar bear closely misses you. The polar bear completely misses you.
The polar bear misses you. The polar bear closely misses you.
The polar bear claws you but does no damage.
You block the polar bear's attack.
The polar bear rages.
The polar bear bites you! The polar bear completely misses you.
You block the polar bear's attack. The polar bear bites you!
* * * LOW HITPOINT WARNING * * *
The polar bear closely misses you. The polar bear completely misses you.
You see here a black bear corpse.
Okay, then.
A red film seems to cover your vision as you go berserk!
You feel yourself moving faster!
You feel mighty! The polar bear bites you!
* * * LOW HITPOINT WARNING * * *
The polar bear barely misses you. The polar bear misses you.
The polar bear bites you!!
You die...

#.≈≈≈≈≈>.≈≈≈≈....................
...≈≈≈≈..≈≈≈........P..........#.
...≈≈≈≈≈≈≈≈≈≈..................#.
....≈≈≈≈≈≈≈....................#.
....≈≈≈≈≈≈≈.P..........#.........
#.##...≈...............#.........
.###+.......#.....#....#.......#.
............#.####.....#..###PP#.
...............h@................
.............############........
..............÷.........##.......
.............###########.##......
...........### ##.#......
...........### #.##.....
.[........###.########≈###.####.#
..........#.....≈≈≈._.≈≈≈...h...#
..####....#.##.###≈########.###.#


You could see a polar bear (berserk).

Vanquished Creatures
  Harold (D:8)
  A two-headed ogre (D:8)
  A cyclops (D:9)
  An elephant (D:9)
  Joseph (D:8)
  4 torpor snails (Lair:1)
  2 cane toads (Lair:1)
  2 komodo dragons (Lair:1)
  2 polar bears (Lair:1)
  10 yaks
  A basilisk (D:9)
  A wyvern (D:9)
  3 water moccasins
  An acid dragon (D:8)
  6 orc warriors
  A sky beast (D:8)
  3 black bears
  2 necrophages
  4 centaurs
  10 wolves (Lair:1)
  3 ogres
  3 phantoms
  8 kobold brigands
  2 bullfrogs
  A wyvern zombie (D:8)
  8 scorpions (D:8)
  A wyvern skeleton (D:7)
  6 killer bees (D:9)
  2 howler monkeys
  2 hounds
  2 centaur zombies (D:8)
  6 jellies
  6 orc priests
  A gnoll shaman (D:9)
  A bullfrog skeleton (D:7)
  3 iguanas
  Jessica (D:3)
  2 centaur skeletons
  Natasha (thrice) (D:3 D:2)
  15 orc wizards
  A mummy (Ossuary)
  A hound skeleton (D:5)
  Robin (D:2)
  9 adders
  7 gnolls
  A river rat (Sewer)
  2 white imps
  An ufetubus (D:6)
  7 worms
  4 dart slugs
  34 orcs
  4 spectral bats (Ossuary)
  10 ball pythons
  8 bats
  9 endoplasms
  2 giant cockroaches
  12 gnoll zombies (Ossuary)
  17 goblins
  3 hobgoblins
  5 jackals
  21 kobolds
  8 quokkas
  2 bat simulacra (Ossuary)
  2 frilled lizards
  5 goblin simulacra (Ossuary)
  A goblin skeleton (D:3)
  7 goblin zombies
  3 hobgoblin zombies
  2 kobold simulacra (Ossuary)
  A kobold skeleton (D:3)
  6 kobold zombies (Ossuary)
  6 orc zombies
  8 rats
  2 rat simulacra (Ossuary)
  5 spectral goblins (Ossuary)
  A spectral kobold (Ossuary)
  2 spectral rats (Ossuary)
353 creatures vanquished.

Vanquished Creatures (collateral kills)
  A black bear (Lair:1)
  2 orcs
3 creatures vanquished.

Vanquished Creatures (others)
  A dancing weapon (D:8)
  An orc (D:4)
  10 fungi
  9 plants
21 creatures vanquished.

Grand Total: 377 creatures vanquished

Notes
Turn   | Place    | Note
-------+----------+-------------------------------------------
     0 | D:1      | deadmanwalking the Kobold Enchanter began the quest for the
                  | Orb.
     0 | D:1      | Reached XP level 1. HP: 10/10 MP: 3/3
    15 | D:1      | Found Hahyhat's Antique Armour Boutique.
   145 | D:1      | Reached XP level 2. HP: 15/15 MP: 5/5
   164 | D:1      | Learned a level 2 spell: Ensorcelled Hibernation
   801 | D:1      | Reached skill level 2 in Short Blades
   803 | D:1      | Found a faded altar of an unknown god.
  1181 | D:2      | Reached XP level 3. HP: 19/19 MP: 6/6
  1185 | D:2      | Learned a level 3 spell: Tukima's Dance
  1673 | D:2      | Reached XP level 4. HP: 24/24 MP: 7/7
  2084 | D:3      | Noticed Jessica
  2088 | D:3      | Killed Jessica
  2089 | D:3      | Reached skill level 1 in Ice Magic
  2161 | D:3      | Noticed Natasha
  2165 | D:3      | Killed Natasha
  2166 | D:3      | Reached XP level 5. HP: 28/28 MP: 9/9
  2179 | D:3      | Found a snail-covered altar of Cheibriados.
  2237 | D:3      | Noticed Natasha
  2418 | D:2      | Reached skill level 3 in Short Blades
  2632 | D:3      | Killed Natasha
  2633 | D:3      | Reached skill level 5 in Stealth
  2655 | D:3      | Noticed Robin
  2858 | D:2      | Killed Robin
  3091 | D:3      | Noticed Natasha
  3190 | D:2      | Killed Natasha
  3191 | D:2      | Reached XP level 6. HP: 26/32 MP: 7/10
  3283 | D:3      | Found a glowing golden altar of the Shining One.
  3337 | D:2      | HP: 1/32 [white imp (3)]
  3570 | D:3      | Found a bloodstained altar of Trog.
  3625 | D:3      | Learned a level 5 spell: Hydra Form
  4246 | D:4      | Reached XP level 7. HP: 35/36 MP: 5/12
  4380 | D:4      | Reached skill level 1 in Transmutations
  4479 | D:4      | Found a radiant altar of Vehumet.
  4484 | D:4      | Became a worshipper of Vehumet
  4490 | D:4      | Found an ancient bone altar of Kikubaaqudgha.
  4494 | D:4      | Reached skill level 4 in Short Blades
  4500 | D:4      | Found a shimmering blue altar of Sif Muna.
  4683 | D:4      | Identified Sif Muna's Volume of Summoning
  5124 | D:5      | Entered Level 5 of the Dungeon
  5679 | D:5      | Reached XP level 8. HP: 41/41 MP: 13/13
  5765 | D:5      | Reached skill level 1 in Shields
  6879 | D:6      | Reached skill level 5 in Short Blades
  6912 | D:6      | Found a glowing drain.
  6924 | Sewer    | Entered a sewer
  7099 | Sewer    | Reached skill level 5 in Dodging
  7215 | Sewer    | Reached * piety under Vehumet
  7215 | Sewer    | Offered knowledge of Magic Dart by Vehumet.
  7221 | Sewer    | Learned a level 1 spell: Magic Dart
  7455 | Sewer    | Reached XP level 9. HP: 45/45 MP: 12/15
  7680 | Sewer    | Reached skill level 5 in Hexes
  7833 | D:6      | Reached skill level 1 in Conjurations
  7856 | D:5      | Offered knowledge of Freeze by Vehumet.
  7859 | D:5      | Learned a level 1 spell: Freeze
  8553 | D:6      | Reached ** piety under Vehumet
  9014 | D:7      | Reached skill level 6 in Short Blades
  9014 | D:7      | Reached skill level 1 in Necromancy
  9076 | D:7      | Found a sand-covered staircase.
  9082 | Ossuary  | Entered an ossuary
  9542 | Ossuary  | Offered knowledge of Conjure Flame by Vehumet.
  9560 | Ossuary  | Learned a level 3 spell: Conjure Flame
  9820 | Ossuary  | Reached *** piety under Vehumet
 10003 | Ossuary  | Reached skill level 5 in Spellcasting
 10379 | D:7      | Offered knowledge of Frozen Ramparts by Vehumet.
 10597 | D:1      | Bought a pair of transparent boots for 199 gold pieces
 10597 | D:1      | Identified the +1 pair of boots "Raowiqe" {Int+7 Dex-5}
                  | (You bought it in a shop on level 1 of the Dungeon)
 10778 | D:7      | Found a staircase to the Ecumenical Temple.
 10784 | Temple   | Entered the Ecumenical Temple
 11152 | D:7      | Identified the +3 leather armour of Death Resistance {rN++}
 11250 | D:7      | Reached skill level 1 in Fire Magic
 11938 | D:7      | Reached XP level 10. HP: 43/50 MP: 17/17
 12657 | D:8      | Noticed Joseph
 12844 | D:8      | Noticed a two-headed ogre
 12853 | D:8      | Killed a two-headed ogre
 12854 | D:8      | Reached skill level 5 in Ice Magic
 12905 | D:8      | Killed Joseph
 12906 | D:8      | Reached skill level 7 in Short Blades
 12985 | D:8      | Reached **** piety under Vehumet
 13069 | D:8      | Found a basalt altar of Yredelemnul.
 13069 | D:8      | Found an iron altar of Okawaru.
 14007 | D:7      | Offered knowledge of Fireball by Vehumet.
 14265 | D:8      | HP: 1/50 [wyvern zombie (6)]
 14656 | D:8      | Noticed Harold
 14692 | D:8      | Killed Harold
 14693 | D:8      | Reached skill level 5 in Transmutations
 14904 | D:8      | Reached XP level 11. HP: 54/54 MP: 20/20
 14929 | D:8      | Learned a level 5 spell: Fireball
 15176 | D:8      | Reached skill level 8 in Short Blades
 15694 | D:9      | Reached ***** piety under Vehumet
 15814 | D:9      | Noticed an elephant
 15815 | D:9      | Found a staircase to the Lair.
 15819 | D:9      | Offered knowledge of Sticky Flame by Vehumet.
 15820 | D:9      | Reached skill level 5 in Conjurations
 16176 | D:9      | Killed an elephant
 16567 | D:9      | Noticed a cyclops
 16868 | D:9      | Killed a cyclops
 17522 | Lair:1   | Entered Level 1 of the Lair of Beasts
 17536 | Lair:1   | Reached skill level 5 in Shields
 17570 | Lair:1   | Reached skill level 9 in Short Blades
 17760 | Lair:1   | Reached skill level 5 in Fire Magic
 17885 | Lair:1   | Noticed an oklob plant
 17950 | Lair:1   | Identified the ring of the Harvest {rElec rC+ Str+5 Int-2
                  | Dex+3}
 18070 | Lair:1   | Reached XP level 12. HP: 59/59 MP: 22/22
 18379 | Lair:1   | Found a snail-covered altar of Cheibriados.
 18930 | Lair:1   | Identified the +4 cloak of Beauty {rF++ rN++ Dex+2}
 19057 | Lair:1   | Demolished by a polar bear

Illustrated notes

Levels and vault maps discovered:
D:1:      mrwooster_arrival_statue_3, layout_basic,
          hellmonk_ecumenical_altar_arch_garden, serial_shops, shop
D:2:      layout_rooms, chequers_serial_rivers_large_b
D:3:      layout_rooms, overflow_temple_1_default, trog_book,
          nicolae_tso_besieged_by_evil, uniq_robin, uniq_jessica, uniq_natasha
D:4:      layout_basic, palyth_temple_overflow_mages,
          minmay_fractal_squares_gapless_5
D:5:      layout_basic, mrwooster_statue_mirror
D:6:      layout_loops_ring, cheibrodos_sewer_entry_bend
D:7:      layout_gridville, minmay_temple_entry_ruins, enter_ossuary_1,
          enter_bailey_6, kennysheep_generic_room_13
D:8:      old_forge, layout_basic, gammafunk_temple_overflow_elements,
          uniq_harold, uniq_joseph
D:9:      layout_basic, david_lair_generic
Temple:   dshaligram_water_room_temple
Lair:1:   beast_lair_carwin_large_2, layout_regular_city,
          kennysheep_snail_temple, lemuel_fruit_tree,
          infiniplex_staircase_pool_2, minmay_lair_oklob_chamber

Skill      XL: |  1  2  3  4  5  6  7  8  9 10 11 12 |
---------------+-------------------------------------+-----
Short Blades   | 2 3 4 5 6 7 9 |  9.7
Dodging        | 3 4 5 |  5.0
Ice Magic      | 1 2 3 4 5 |  5.0
Stealth        | 5 6 7 8 |  8.0
Spellcasting   | 3 4 5 6 7 |  7.7
Hexes          | 4 5 |  5.0
Transmutations | 1 2 3 5 6 |  6.8
Shields        | 1 3 4 5 |  5.5
Conjurations   | 2 4 5 6 |  6.2
Necromancy     | 1 2 |  2.0
Fire Magic     | 1 3 5 |  5.6

Action                   |  1- 3 |  4- 6 |  7- 9 | 10-12 || total
-------------------------+-------+-------+-------+-------++-------
Melee: Dagger            |    50 |   142 |   547 |   244 ||   983
       Unarmed           |       |       |       |    16 ||    16
 Cast: Ensorcelled Hiber |     7 |    51 |   137 |   120 ||   315
       Corona            |       |    11 |    49 |    18 ||    78
       Tukima's Dance    |       |       |     2 |     1 ||     3
       Magic Dart        |       |       |    11 |    47 ||    58
       Freeze            |       |       |     1 |     2 ||     3
       Hydra Form        |       |       |       |     1 ||     1
       Fireball          |       |       |       |    20 ||    20
Evoke: Wand              |       |     1 |     6 |    25 ||    32
       Piece from Xom's  |       |       |       |     3 ||     3
  Use: Scroll            |     3 |     4 |     9 |     8 ||    24
       Potion            |       |     1 |       |     5 ||     6
 Stab: Sleeping          |    23 |    41 |   115 |    88 ||   267
       Paralysed         |       |       |     3 |       ||     3
Armor: Robe              |     5 |    12 |    60 |    45 ||   122
       Leather armour    |       |       |    23 |    45 ||    68
       Skin              |       |       |       |    10 ||    10
Dodge: Dodged            |    24 |   104 |   332 |   212 ||   672
Block: Buckler           |       |       |       |    19 ||    19

Table legend: (Time is in decaauts)
 A = Elapsed time spent in this place.
 B = Non-inter-level travel time spent in this place.
 C = Inter-level travel time spent in this place.
 D = Time resting spent in this place.
 E = Time spent auto-exploring this place.
 F = Levels seen in this place.
 G = Mean time per level.
                   A        B        C        D        E       F      G
               +--------+--------+--------+--------+--------+-----+--------+
         Total |  19187 |  17905 |   1282 |   1393 |  10878 |  13 | 1475.9 |
       Dungeon |  15322 |  14062 |   1260 |    658 |   9713 |   9 | 1702.4 |
        Temple |    257 |    236 |     21 |      0 |    219 |   1 |  257.0 |
          Lair |   1558 |   1558 |      0 |    271 |    846 |   1 | 1558.0 |
         Sewer |   1061 |   1061 |      0 |    103 |     99 |   1 | 1061.0 |
       Ossuary |    987 |    987 |      0 |    361 |      0 |   1 |  987.0 |
               +--------+--------+--------+--------+--------+-----+--------+

Top non-repeatable levels by time:
     D:7: 2552 daAuts
     D:8: 2258 daAuts
     D:9: 1840 daAuts
     D:5: 1748 daAuts
     D:4: 1615 daAuts
  Lair:1: 1558 daAuts
     D:2: 1479 daAuts
     D:6: 1372 daAuts
     D:1: 1273 daAuts
     D:3: 1183 daAuts
   Sewer: 1061 daAuts
 Ossuary: 987 daAuts
  Temple: 257 daAuts
